 Dungeon Crawl Stone Soup version 0.28.0-53-g5a82cb258f (webtiles) character file.

Game seed: 17173646644946665298

18458 Peloso the Carver (level 12, -36/106 HPs)
             Began as a Minotaur Fighter on June 28, 2022.
             Was a High Priest of Okawaru.
             Annihilated by Rupert
             ... wielding a +2 great mace of protection
              (44 damage)
             ... on level 3 of the Lair of Beasts.
             The game lasted 00:22:29 (12952 turns).

Peloso the Carver (Minotaur Fighter)               Turns: 12952, Time: 00:22:29

Health: -36/106    AC: 20    Str: 24    XL:     12   Next: 27%
Magic:  10/11      EV:  8    Int:  5    God:    Okawaru [*****.]
Gold:   1272       SH:  6    Dex: 14    Spells: 11/11 levels left

rFire   + + +      SeeInvis .   a - +10 long sword "Qunenas" {freeze, *Noise rPois rF++ Str+2}
rCold   . . .      Faith    .   g - +0 buckler
rNeg    . . .      Spirit   .   C - +3 plate armour "Jucreas" {Fly rF+}
rPois   +          Reflect  .   (helmet restricted)
rElec   .          Harm     .   (no cloak)
rCorr   .          Rampage  .   e - +0 pair of gloves
Will    .....                   (no boots)
Stlth   ..........              (no amulet)
HPRegen 0.27/turn               (no ring)
MPRegen 0.12/turn               (no ring)

@: flying
A: horns 2, retaliatory headbutt
a: Renounce Religion, Heroism, Finesse, Duel


You were on level 3 of the Lair of Beasts.
You worshipped Okawaru.
Okawaru was extremely pleased with you.
You visited 3 branches of the dungeon, and saw 14 of its levels.
You also visited: Bailey.

You collected 1272 gold pieces.

Inventory:

Hand Weapons
 a - the +10 long sword "Qunenas" (weapon) {freeze, *Noise rPois rF++ Str+2}
   (You found it on level 4 of the Dungeon)

   It freezes those it strikes, dealing additional cold damage.
   It can also slow down cold-blooded creatures.
   Str:       It affects your strength (+2).
   rF:        It greatly protects you from fire.
   rPois:     It protects you from poison.
   *Noise:    It may make noises in combat.
 b - a +0 demon whip of flaming
 c - a +1 vampiric long sword
 n - the +5 hunting sling "Kifeef" {flame, rPois Will+ SInv}
   (You found it on level 7 of the Dungeon)

   Any ammunition fired from it burns those it strikes, dealing additional fire
   damage.
   rPois:     It protects you from poison.
   SInv:      It lets you see invisible.
   Will:      It increases your willpower.
Missiles
 B - 2 throwing nets (quivered)
Armour
 e - a +0 pair of gloves (worn)
 g - a +0 buckler (worn)
 i - a +2 plate armour of willpower
 m - a +0 chain mail of cold resistance
 C - the +3 plate armour "Jucreas" (worn) {Fly rF+}
   (Okawaru gifted it to you on level 1 of the Lair of Beasts)

   rF:        It protects you from fire.
   Fly:       It grants you flight.
 H - the +2 scale mail of Saebbiph {Fly Regen+ Stlth+}
   (You found it on level 3 of the Lair of Beasts)

   Fly:       It grants you flight.
   Regen:     It increases your rate of health regeneration.
   Stlth:     It makes you more stealthy.
Jewellery
 t - an amulet of faith
 x - a ring of protection from cold
 z - a ring of positive energy
 D - a ring of ice
 F - a ring of flight
 I - a ring of poison resistance
Wands
 j - a wand of flame (1)
 p - a wand of mindburst (9)
 r - a wand of polymorph (11)
Scrolls
 h - 5 scrolls of teleportation
 o - a scroll of identify
 q - 2 scrolls of fear
 u - a scroll of blinking
 y - a scroll of noise
 A - a scroll of enchant weapon
 E - a scroll of brand weapon
 G - a scroll of magic mapping {unknown}
Potions
 d - 6 potions of might
 f - 2 potions of brilliance
 k - 6 potions of curing
 l - 3 potions of haste
 s - 2 potions of mutation
 v - 2 potions of heal wounds
 w - 2 potions of flight
 J - a potion of invisibility {unknown}
 K - a potion of berserk rage


   Skills:
 + Level 10.3 Fighting
 + Level 14.4 Long Blades
 + Level 6.6 Maces & Flails
 + Level 13.4 Armour
 + Level 2.0 Dodging
 + Level 0.9 Stealth
 + Level 9.7 Shields
 + Level 0.3 Invocations


You had 11 spell levels left.
You didn't know any spells.
Your spell library contained the following spells:

 Spells                   Type           Power      Damage    Failure   Level
 Freeze                   Ice            0%         1d3       99%         1
 Shock                    Conj/Air       0%         1d3       99%         1
 Sting                    Tmut/Pois      0%         1d3       99%         1
 Corpse Rot               Necr/Air       0%         N/A       100%        2
 Poisonous Vapours        Pois/Air       0%         N/A       100%        2
 Frozen Ramparts          Ice            0%         1d2       100%        3
 Ignite Poison            Fire/Tmut/Pois 0%         N/A       100%        3
 Mephitic Cloud           Conj/Pois/Air  0%         N/A       100%        3
 Swiftness                Air            0%         N/A       100%        3
 Airstrike                Air            0%         N/A       100%        4
 Hailstorm                Conj/Ice       0%         3d3       100%        4
 Olgreb's Toxic Radiance  Pois           0%         N/A       100%        4
 Passage of Golubria      Tloc           0%         N/A       100%        4
 Freezing Cloud           Conj/Ice/Air   0%         6-21      100%        5
 Yara's Violent Unravell  Hex/Tmut       0%         3d3       100%        5
 Tukima's Dance           Hex            Unusable   N/A       N/A         3

Dungeon Overview and Level Annotations

Branches:
Dungeon (10/15)            Temple (1/1) D:4            Lair (3/6) D:8
 Bailey (visited)
  Swamp: Lair:2-4    Shoals: Lair:2-4     Snake: Lair:2-4    Spider: Lair:2-4
    Orc: D:9-12

Altars:
Ashenzari
Cheibriados
Dithmenos
Elyvilon
Gozag
Hepliaklqana
Makhleb
Nemelex Xobeh
Okawaru
Sif Muna
Trog
Uskayaw
Vehumet
Wu Jian
Yredelemnul
Zin
The Shining One

Shops:
D:5 =   D:7 :   D:8 [[(

Annotations:
D:1 1 runed translucent door
Lair:3 Rupert


Innate Abilities, Weirdness & Mutations

You have a pair of horns on your head.
You reflexively headbutt those who attack you in melee.


Message History

You slash Rupert! You freeze Rupert.
Rupert is heavily wounded.
Rupert drinks a potion.
Rupert is healed!
You hit Rupert. You freeze Rupert.
Rupert is heavily wounded.
Rupert closely misses you. You furiously retaliate!
You headbutt Rupert. You slash Rupert! You freeze Rupert.
You headbutt Rupert, but do no damage.
Rupert is heavily wounded.
Rupert roars madly and goes into a rage!
Rupert goes berserk!
You slash Rupert! You freeze Rupert. You headbutt Rupert!
Rupert is severely wounded.
Rupert hits you with a +2 great mace of protection!!
You slash Rupert! You freeze Rupert. Your headbutt misses Rupert.
Rupert is severely wounded.
Rupert hits you with a +2 great mace of protection.
You slash Rupert! You freeze Rupert.
Rupert is severely wounded.
Rupert closely misses you.
You barely miss Rupert.
Rupert is severely wounded.
Rupert closely misses you.
You hit Rupert. You freeze Rupert.
Rupert is severely wounded.
Rupert barely misses you.
You completely miss Rupert. You headbutt Rupert, but do no damage.
Rupert is severely wounded.
Rupert hits you with a +2 great mace of protection.
You hit Rupert. You freeze Rupert. You headbutt Rupert, but do no damage.
Rupert is severely wounded.
You feel like a meek peon again. You block Rupert's attack.
You barely miss Rupert.
Rupert is severely wounded.
Rupert hits you with a +2 great mace of protection!!!
* * * LOW HITPOINT WARNING * * *
You slash Rupert! You freeze Rupert.
Rupert is almost dead.
Rupert hits you with a +2 great mace of protection!!!
You die...

#..####.....## #...##
###..# #...#..###..#.#
#....# ##..##.........
#....## #.####..#.....
##.....###### #....#...
#.......†.# ##.......
#.......††#####
###....#
##..#........#P##
#...#. #####.@........#
#.....
##@.........###..##
#.............#...#
#...................#
...................###
............#.....###.
............##........
.....?.......###.......
#.......


You could see Rupert (berserk).

Vanquished Creatures
  Fannar (Lair:1)
  3 hydras
  2 two-headed ogres
  An orc knight (Bailey)
  A black mamba (Lair:1)
  6 cane toads
  A rime drake (Lair:3)
  5 komodo dragons
  A troll (D:10)
  Prince Ribbit (Lair:2)
  3 blink frogs (Lair:2)
  4 fire bats (D:8)
  2 wyverns
  6 yaks
  A basilisk (Lair:1)
  2 steam dragons
  An acid dragon (D:6)
  4 water moccasins
  A hell hound (D:8)
  4 orc warriors
  2 ice beasts
  4 necrophages
  4 ogres
  3 sky beasts
  18 wolves
  3 centaurs
  2 phantoms
  9 kobold brigands
  10 bullfrogs
  4 scorpions
  A water moccasin zombie (D:5)
  16 wights
  9 killer bees
  3 howler monkeys
  2 lava snakes (D:8)
  3 bullfrog zombies
  2 centaur zombies
  3 hounds (Lair:1)
  A jelly (D:6)
  2 orc priests (D:6)
  A bullfrog skeleton (D:6)
  4 centaur skeletons
  5 iguanas
  3 orc wizards (D:6)
  7 hell rats (Lair:2)
  2 howler monkey zombies
  3 gnolls (D:6)
  2 howler monkey skeletons
  5 adders
  A white imp (D:5)
  An ufetubus (D:3)
  An adder skeleton (D:4)
  2 dart slugs
  5 orcs
  2 ball pythons (D:3)
  6 bats
  5 endoplasms
  2 giant cockroaches
  7 hobgoblins
  5 jackals
  2 quokkas
  3 frilled lizards
  8 goblins
  27 kobolds
  7 rats
  A fire vortex (D:8)
268 creatures vanquished.

Vanquished Creatures (others)
  2 fire vortices (D:8)
  11 fungi
  25 plants
38 creatures vanquished.

Grand Total: 306 creatures vanquished

Notes
Turn   | Place    | Note
-------+----------+-------------------------------------------
     0 | D:1      | Peloso the Minotaur Fighter began the quest for the Orb.
     0 | D:1      | Reached XP level 1. HP: 19/19 MP: 0/0
     1 | D:1      | Found a runed translucent door.
   164 | D:1      | Reached XP level 2. HP: 27/27 MP: 1/1
   242 | D:1      | Found a faded altar of an unknown god.
   681 | D:2      | Reached skill level 1 in Maces & Flails
  1127 | D:2      | Reached XP level 3. HP: 29/33 MP: 2/2
  1817 | D:3      | Reached XP level 4. HP: 40/40 MP: 3/3
  2351 | D:3      | Found a sparkling altar of Nemelex Xobeh.
  2353 | D:3      | Found a snail-covered altar of Cheibriados.
  2353 | D:3      | Found a radiant altar of Vehumet.
  2357 | D:3      | Found a shadowy altar of Dithmenos.
  2358 | D:3      | Found a glowing silver altar of Zin.
  2675 | D:4      | Noticed a necrophage
  2684 | D:4      | Killed a necrophage
  2685 | D:4      | Reached XP level 5. HP: 34/47 MP: 4/4
  2884 | D:4      | Identified the +10 long sword "Qunenas" {freeze, *Noise
                  | rPois rF++ Str+2}
  2915 | D:4      | Reached skill level 3 in Long Blades
  2935 | D:4      | Found a staircase to the Ecumenical Temple.
  2948 | Temple   | Entered the Ecumenical Temple
  2990 | Temple   | Became a worshipper of Warmaster Okawaru
  3075 | D:4      | Noticed an ogre
  3081 | D:4      | Killed an ogre
  3082 | D:4      | Reached skill level 5 in Armour
  3082 | D:4      | Reached XP level 6. HP: 46/53 MP: 5/5
  3694 | D:5      | Entered Level 5 of the Dungeon
  3703 | D:5      | Reached skill level 1 in Dodging
  3714 | D:5      | Found Mamodent's Jewellery Boutique.
  3770 | D:5      | Reached skill level 4 in Long Blades
  3953 | D:5      | Noticed an ice beast
  3958 | D:5      | Killed an ice beast
  3958 | D:5      | Reached * piety under Okawaru
  3959 | D:5      | Reached XP level 7. HP: 60/60 MP: 6/6
  3961 | D:5      | Reached skill level 5 in Fighting
  4065 | D:5      | Reached skill level 5 in Long Blades
  4165 | D:5      | Found an ornate altar of the Wu Jian Council.
  4172 | D:5      | Reached skill level 6 in Long Blades
  4251 | D:5      | Reached XP level 8. HP: 52/69 MP: 7/7
  4442 | D:5      | Found a burning altar of Makhleb.
  4444 | D:5      | Noticed a blizzard demon
  4654 | D:6      | Reached skill level 7 in Long Blades
  4654 | D:6      | Reached skill level 5 in Shields
  4660 | D:6      | Reached ** piety under Okawaru
  4848 | D:6      | Reached skill level 8 in Long Blades
  4914 | D:6      | Reached *** piety under Okawaru
  5042 | D:6      | Reached XP level 9. HP: 63/78 MP: 8/8
  5093 | D:6      | Reached skill level 9 in Long Blades
  5683 | D:7      | Found Dess's Book Shoppe.
  5689 | D:7      | Received a gift from Okawaru
  5711 | D:7      | Reached skill level 10 in Long Blades
  5722 | D:7      | Found a flagged portal.
  5729 | D:7      | Identified the +5 hunting sling "Kifeef" {flame, rPois
                  | Will+ SInv}
  5828 | Bailey   | Entered a bailey
  6111 | Bailey   | Reached **** piety under Okawaru
  6116 | Bailey   | Reached skill level 11 in Long Blades
  6198 | Bailey   | Noticed an orc knight
  6211 | Bailey   | Killed an orc knight
  6212 | Bailey   | Reached XP level 10. HP: 72/88 MP: 6/9
  6291 | Bailey   | Found a bloodstained altar of Trog.
  6556 | D:7      | Found a basalt altar of Yredelemnul.
  6557 | D:7      | Found a shimmering blue altar of Sif Muna.
  6953 | D:8      | Found Zeqaidd's Armour Shoppe.
  7117 | D:8      | Reached skill level 12 in Long Blades
  7153 | D:8      | Reached ***** piety under Okawaru
  7334 | D:8      | Found Teusus's Weapon Shop.
  7452 | D:8      | Received a gift from Okawaru
  7721 | D:8      | Noticed a two-headed ogre
  7730 | D:8      | Killed a two-headed ogre
  7731 | D:8      | Reached skill level 13 in Long Blades
  7898 | D:8      | Found Idecw's Antique Armour Shop.
  8001 | D:8      | Found a staircase to the Lair.
  8258 | D:9      | Reached skill level 10 in Armour
  8321 | D:9      | Found an opulent altar of Gozag.
  8561 | D:9      | Noticed a two-headed ogre
  8566 | D:9      | Killed a two-headed ogre
  8567 | D:9      | Reached XP level 11. HP: 71/97 MP: 10/10
  8987 | D:10     | Entered Level 10 of the Dungeon
  9060 | D:10     | Noticed a stone giant
  9416 | Lair:1   | Entered Level 1 of the Lair of Beasts
  9714 | Lair:1   | Reached ****** piety under Okawaru
  9749 | Lair:1   | Identified the +3 plate armour "Jucreas" {Fly rF+} (Okawaru
                  | gifted it to you on level 1 of the Lair of Beasts)
  9749 | Lair:1   | Received a gift from Okawaru
  9766 | Lair:1   | Reached skill level 14 in Long Blades
  9878 | Lair:1   | Noticed Fannar
  9901 | Lair:1   | Killed Fannar
 10771 | Lair:2   | Noticed a five-headed hydra
 10773 | Lair:2   | Noticed Prince Ribbit
 11112 | Lair:1   | Killed a five-headed hydra
 11113 | Lair:1   | Reached skill level 10 in Fighting
 11113 | Lair:1   | Reached skill level 5 in Maces & Flails
 11299 | Lair:2   | Killed Prince Ribbit
 11545 | Lair:2   | Noticed a four-headed hydra
 11557 | Lair:2   | Killed a four-headed hydra
 11639 | Lair:2   | Reached XP level 12. HP: 84/106 MP: 11/11
 12170 | Lair:3   | Noticed an eight-headed hydra
 12179 | Lair:3   | Killed an eight-headed hydra
 12179 | Lair:3   | Received a gift from Okawaru
 12501 | Lair:3   | Identified the +2 scale mail of Saebbiph {Fly Regen+
                  | Stlth+}
 12934 | Lair:3   | Noticed Rupert
 12952 | Lair:3   | Annihilated by Rupert

Illustrated notes

Levels and vault maps discovered:
D:1:      dpeg_arrival_caged_fury, layout_basic, ebering_ecumenical_altar_hall,
          corexii_item_surrounded_by_moat
D:2:      layout_loops_ring
D:3:      layout_basic, minitemple, minivault_19
D:4:      layout_basic, minmay_temple_entry_sparse_star
D:5:      layout_loops_ring, old_standard_altar, makhleb_altar_promises_db,
          serial_shops, nicolae_shop_trees
D:6:      minmay_diamond_boxcup, layout_cave_pools,
          hangedman_abyss_or_decor_lesser_grid, lexackson_kobold_supper
D:7:      layout_rooms, gammafunk_temple_overflow_pools, enter_bailey_2,
          serial_shops, shop
D:8:      layout_basic, lair_entry_dummy, serial_shops,
          nicolae_shop_temple_entry_statues_fountains, nicolae_lakefront_shop,
          nicolae_shop_hallway_plus, hangedman_incinerator
D:9:      layout_basic, mainiacjoe_overflow_catwalk, hex_medium
D:10:     minmay_the_grid_3x2 [minmay_the_grid_pillar_ring,
          minmay_the_grid_holed_spiral, minmay_the_grid_mess,
          minmay_the_grid_fan, minmay_the_grid_minigrid_medium,
          minmay_the_grid_prize_diamond_cup], layout_stronghold,
          mainiacjoe_overflow_concentric_impassable, uniq_maggie
Temple:   jpeg_temple_clearing
Lair:1:   beast_lair_carwin_large_1, layout_long_grid, uniq_fannar
Lair:2:   layout_chaotic_city, chequers_serial_rivers_marsh, uniq_prince_ribbit2
Lair:3:   layout_cave_pods, serial_forest, infiniplex_forest_clump_small,
          infiniplex_forest_lined_3, infiniplex_forest_zigzag_1,
          infiniplex_forest_straight_1, uniq_rupert

Skill      XL: |  1  2  3  4  5  6  7  8  9 10 11 12 |
---------------+-------------------------------------+-----
Shields        | 4 5 6 7 8 9 |  9.7
Maces & Flails | 1 2 3 4 5 6 |  6.6
Fighting       | 4 5 6 7 9 10 | 10.3
Armour         | 4 5 6 7 9 10 12 13 | 13.4
Long Blades    | 3 4 6 8 11 13 14 | 14.4
Dodging        | 1 2 |  2.0
Stealth        | |  0.9
Invocations    | |  0.3

Action                   |  1- 3 |  4- 6 |  7- 9 | 10-12 || total
-------------------------+-------+-------+-------+-------++-------
Melee: Demon whip        |    81 |    35 |       |    24 ||   140
       Long sword        |     4 |    37 |   185 |   345 ||   571
       Headbutt          |     8 |     9 |    34 |    69 ||   120
Invok: Heroism           |       |       |     1 |     4 ||     5
  Use: Potion            |     4 |       |       |       ||     4
       Scroll            |     2 |     1 |     6 |     5 ||    14
Armor: Scale mail        |    24 |     3 |       |       ||    27
       Plate armour      |       |    45 |    98 |   273 ||   416
Dodge: Dodged            |    37 |     9 |    56 |   148 ||   250
Block: Buckler           |    19 |    12 |    39 |   122 ||   192
